 Dungeon Crawl Stone Soup version 0.31-a0-744-gbc345e7fcb (webtiles) character file.

Game seed: 7516691169037788770

3707 Newt the Trooper (level 9, -5/68 (72) HPs)
             Began as a Demonspawn Gladiator on Sept 13, 2023.
             Was an Initiate of Hepliaklqana.
             Slain by a wight
             ... wielding a +3 halberd
              (9 damage)
             ... on level 8 of the Dungeon.
             The game lasted 00:10:41 (9276 turns).

Newt the Trooper (Demonspawn Gladiator)             Turns: 9276, Time: 00:10:41

HP:   -5/68 (72)    AC:  5    Str: 16    XL:     9   Next: 91%
MP:   12/16         EV: 14    Int: 13    God:    Hepliaklqana [......]
Gold: 275           SH:  0    Dex: 18    Spells: 17/18 levels left

rFire   . . .        l - +1 rapier (venom)
rCold   . . .        (no shield)
rNeg    . . .        b - +0 leather armour
rPois   .            c - +0 helmet
rElec   .            (no cloak)
rCorr   .            k - +0 pair of gloves {hurl}
SInv    .            (no boots)
Will    .....        (no amulet)
Stlth   +++++        (no ring)
HPRegen 0.31/turn    (no ring)
MPRegen 0.15/turn

%: no passive effects
@: very slightly contaminated, drained
A: thin skeletal structure 2, foul stench 1, demonic magic 1, demonic touch 1
a: Renounce Religion


You were on level 8 of the Dungeon.
You worshipped Hepliaklqana.
Hepliaklqana was noncommittal.
You visited 2 branches of the dungeon, and saw 9 of its levels.
You also visited: Ossuary.

You collected 275 gold pieces.

Inventory:

Hand Weapons
 a - a +0 rapier
 j - a +0 dagger
 l - a +1 rapier of venom (weapon)
 y - a +0 rapier of flaming
 A - a +1 rapier of protection
Missiles
 e - a javelin
 o - 2 throwing nets
 z - 16 darts of dispersal
Armour
 b - a +0 leather armour (worn)
 c - a +0 helmet (worn)
 k - a +0 pair of gloves of hurling (worn)
 p - an orb of wrath
Wands
 q - a wand of iceblast (19)
 r - a wand of digging (10)
Scrolls
 d - a scroll of silence
 g - 4 scrolls of enchant armour
 s - 2 scrolls of teleportation
 t - 2 scrolls of enchant weapon
 v - 2 scrolls of immolation
 B - a scroll of brand weapon
Potions
 f - 2 potions of brilliance
 h - 3 potions of degeneration
 i - 2 potions of mutation
 m - a potion of enlightenment
 n - a potion of haste
 u - a potion of might {unknown}
 w - 2 potions of curing
 x - a potion of ambrosia {unknown}


   Skills:
 + Level 7.4 Fighting
 - Level 5.0 Short Blades
 - Level 1.7 Throwing
 - Level 5.0 Dodging
 - Level 5.0 Stealth
 - Level 5.0 Spellcasting
 - Level 4.8 Conjurations
 - Level 4.3 Air Magic


You had 17 spell levels left.
You knew the following spells:

 Your Spells              Type           Power      Damage    Failure   Level
a - Shock                 Conj/Air       60%        1d6       3%          1

Your spell library contained the following spells:

 Spells                   Type           Power      Damage    Failure   Level
 Swiftness                Air            14%        N/A       12%         3
 Apportation              Tloc           6%         N/A       22%         1
 Jinxbite                 Hex            6%         N/A       34%         2
 Sublimation of Blood     Necr           3%         N/A       34%         2
 Airstrike                Air            7%         2d(1-17)  36%         4
 Olgreb's Toxic Radiance  Pois           3%         N/A       92%         4
 Petrify                  Tmut/Erth      3%         N/A       92%         4
 Irradiate                Conj/Tmut      4%         3d13      93%         5
 Alistair's Intoxication  Tmut/Pois      2%         N/A       99%         5
 Discord                  Hex            1%         N/A       100%        8
 Ignition                 Fire           1%         3d3       100%        8


Dungeon Overview and Level Annotations

Branches:
Dungeon (8/15)             Temple (1/1) D:6            Lair (0/5) D:8
Ossuary (visited)

Altars:
Ashenzari
Cheibriados
Dithmenos
Fedhas
Hepliaklqana
Kikubaaqudgha
Makhleb
Qazlal
Ru
Sif Muna
Trog
Uskayaw
Wu Jian
Xom
Yredelemnul


Innate Abilities, Weirdness & Mutations

You have a moderately thin skeletal structure. (Dex +4, Stealth++)
You may rarely emit foul miasma when damaged in melee.
Spells you cast may paralyse adjacent enemies.
Your touch may inflict minor irresistible damage on your foes.


Message History

The wight is moderately damaged.
The zap misses the wight.
Malevolent energies surge around you.
The wight suddenly stops moving!
The wight closely misses you.
Unknown command.
Unknown command.
The helpless wight fails to defend itself.
You impale the wight!!
You destroy the wight!
The wight misses you.
Your life force feels restored.
Unknown command.
Aiming: Shock (safe; 3% risk of failure)
Press: ? - help, Q - select action, (/) - cycle Shift-Dir - straight line The zap hits the wight but does no damage.
The zap hits the wight.
The wight is lightly damaged.
Malevolent energies surge around you. The wight hits you with a +3 halberd.
You feel drained.
You emit a cloud of foul miasma!
The wight barely misses you.
Unknown command.
Aiming: Shock (safe; 3% risk of failure)
Press: ? - help, Q - select action, (/) - cycle Shift-Dir - straight line You miscast Shock.
You are very lightly contaminated with residual magic.
Nothing appears to happen.
The wight hits you with a +3 halberd. The wight hits you with a +3 scimitar!
Unknown command.
Aiming: Shock (safe; 3% risk of failure)
Press: ? - help, Q - select action, (/) - cycle Shift-Dir - straight line The zap misses the wight.
The zap hits the wight.
The wight is moderately damaged.
Malevolent energies surge around you. The wight completely misses you.
The wight hits you with a +3 scimitar!
* * * LOW HITPOINT WARNING * * *
You feel drained.
* * * LOW HITPOINT WARNING * * *
Unknown command.
The wight hits you from afar with a +3 halberd!
You die...

#.# #....##.#
.#.####.####.##.##.#
.............##.##.#
.#.####.#######.##.#
#.# ##.##.# .
#.######.#.#.#
...####zz...<.###..#
.......)######.#.###
...>....@######.##
########........#
##########


You could see a wight.

Vanquished Creatures
  The ghost of scionoferis the Gouger, a journeyman FeSh of Gozag (D:7)
  The ghost of GloriousHammer the Cleaver, a novice HOMo of Beogh (D:6)
  A troll (D:6)
  Grinder (D:5)
  2 wyverns
  A wraith (Ossuary)
  A yak (D:8)
  Duvessa (D:5)
  An ice beast (D:6)
  A black bear (D:4)
  An ogre (D:6)
  3 phantoms
  2 kobold brigands (D:6)
  A bullfrog (D:7)
  A scorpion (D:5)
  3 wights (D:8)
  Dowan (D:5)
  6 killer bees (D:7)
  A howler monkey (D:6)
  Jessica (D:2)
  3 iguanas
  Terence (D:2)
  An orc wizard (D:6)
  A mummy (Ossuary)
  3 river rats (D:5)
  6 adders
  A white imp (D:7)
  An ufetubus (D:5)
  2 worms (D:2)
  A dart slug (D:1)
  16 orcs
  5 bats
  6 endoplasms
  7 giant cockroaches
  5 hobgoblins
  4 jackals (D:4)
  4 quokkas
  7 ball pythons
  4 frilled lizards
  4 gnoll skeletons (Ossuary)
  9 goblins
  11 kobolds
  7 kobold skeletons (Ossuary)
  14 orc skeletons (Ossuary)
  7 rats
161 creatures vanquished.

Notes
Turn   | Place    | Note
-------+----------+-------------------------------------------
     0 | D:1      | Newt the Demonspawn Gladiator began the quest for the Orb.
     0 | D:1      | Reached XP level 1. HP: 16/16 MP: 1/1
   319 | D:1      | Gained mutation: Spells you cast may paralyse adjacent
                  | enemies. [demonic ancestry]
   319 | D:1      | Reached XP level 2. HP: 9/23 MP: 2/2
   692 | D:1      | Reached skill level 3 in Fighting
  1331 | D:2      | Noticed Terence
  1358 | D:2      | Killed Terence
  1359 | D:2      | Reached skill level 4 in Fighting
  1359 | D:2      | Gained mutation: You have a somewhat thin skeletal
                  | structure. (Dex +2, Stealth+) [demonic ancestry]
  1359 | D:2      | Reached XP level 3. HP: 10/30 MP: 3/3
  1753 | D:2      | Reached XP level 4. HP: 38/38 MP: 4/4
  1819 | D:2      | Noticed Jessica
  1837 | D:2      | Killed Jessica
  2033 | D:2      | Learned a level 1 spell: Shock
  2256 | D:2      | Found a faded altar of an unknown god.
  2584 | D:3      | Reached skill level 1 in Conjurations
  2584 | D:3      | Gained mutation: You may rarely emit foul miasma when
                  | damaged in melee. [demonic ancestry]
  2584 | D:3      | Reached XP level 5. HP: 33/43 MP: 5/5
  2651 | D:3      | Reached skill level 1 in Air Magic
  3641 | D:4      | Noticed a black bear
  3651 | D:4      | Killed a black bear
  3923 | D:4      | Gained mutation: Your touch may inflict minor irresistible
                  | damage on your foes. [demonic ancestry]
  3923 | D:4      | Reached XP level 6. HP: 46/50 MP: 6/6
  4094 | D:5      | Entered Level 5 of the Dungeon
  4512 | D:5      | Noticed Duvessa
  4546 | D:5      | Found a sand-covered staircase.
  4555 | Ossuary  | Entered an ossuary
  4555 | Ossuary  | Noticed a wraith
  4555 | Ossuary  | Noticed a wraith
  4555 | Ossuary  | Noticed a wraith
  4657 | Ossuary  | Noticed a wraith
  4689 | Ossuary  | Killed a wraith
  4690 | Ossuary  | Reached XP level 7. HP: 10/55 MP: 2/7
  5215 | D:5      | Noticed Dowan
  5225 | D:5      | Killed Duvessa
  5233 | D:5      | Killed Dowan
  5421 | D:5      | Noticed Grinder
  5431 | D:5      | Paralysed by Grinder for 3 turns
  5432 | D:5      | Reached skill level 1 in Stealth
  5437 | D:5      | Killed Grinder
  5438 | D:5      | Reached XP level 8. HP: 31/61 MP: 5/8
  5732 | D:6      | Noticed a troll
  5740 | D:6      | Killed a troll
  5741 | D:6      | Reached skill level 5 in Stealth
  5946 | D:6      | Found a runed translucent door.
  5947 | D:6      | Noticed GloriousHammer's ghost (novice HOMo)
  6147 | D:6      | Reached skill level 5 in Short Blades
  6582 | D:6      | Found a staircase to the Ecumenical Temple.
  6648 | D:6      | Killed GloriousHammer's ghost
  6649 | D:6      | Reached skill level 5 in Dodging
  6649 | D:6      | Reached skill level 1 in Spellcasting
  6649 | D:6      | Gained mutation: You have a moderately thin skeletal
                  | structure. (Dex +4, Stealth++) [demonic ancestry]
  6649 | D:6      | Reached XP level 9. HP: 14/67 MP: 0/10
  6862 | Temple   | Entered the Ecumenical Temple
  6924 | Temple   | Became a worshipper of Hepliaklqana the Forgotten
  7230 | D:7      | Found a shimmering altar of Xom.
  7288 | D:7      | Found a runed translucent door.
  7289 | D:7      | Noticed scionoferis's ghost (journeyman FeSh)
  7641 | D:7      | Found a shimmering blue altar of Sif Muna.
  8094 | D:7      | Killed scionoferis's ghost
  8095 | D:7      | Reached skill level 5 in Spellcasting
  8095 | D:7      | Reached skill level 5 in Fighting
  8718 | D:8      | Found a staircase to the Lair.
  8726 | D:8      | Reached skill level 6 in Fighting
  8739 | D:7      | HP: 2/71 [wyvern (12)]
  8743 | D:7      | Reached skill level 7 in Fighting
  9276 | D:8      | Slain by a wight

Illustrated notes

Levels and vault maps discovered:
D:1:      kilobyte_arrival_exit_the_forest, layout_basic
D:2:      layout_loops_cross, shapermc_ecumenical_altar_mp_ritualfount,
          kennysheep_path_1, serial_bayou_pond_e, uniq_terence, uniq_jessica
D:3:      layout_loops_ring, minmay_misc_feat_columns,
          kennysheep_generic_room_16
D:4:      layout_loops_cross, nicolae_the_louvre
D:5:      layout_loops_corners, portal_sewer_entry_b, enter_ossuary_1,
          minmay_hedge_maze, uniq_duvessa, uniq_grinder
D:6:      layout_rooms, minmay_temple_entry_poolview, gammafunk_ghost_grave,
          minmay_unpleasant_kobolds
D:7:      layout_loops_corners, lemuel_tele_altar,
          nicolae_overflow_hidden_temple, gammafunk_ghost_grave
D:8:      layout_loops_ring, minmay_lair_entry_grove, minmay_misc_feat_ornament,
          nicolae_shop_vocational, uniq_prince_ribbit1, uniq_joseph
Temple:   regret_index_temple_generic_petals

Skill      XL: |  1  2  3  4  5  6  7  8  9 |
---------------+----------------------------+-----
Fighting       | 4 7 |  7.4
Conjurations   | 1 2 4 |  4.8
Air Magic      | 2 3 4 |  4.3
Stealth        | 3 5 |  5.0
Short Blades   | 5 |  5.0
Dodging        | 5 |  5.0
Spellcasting   | 1 5 |  5.0
Throwing       | |  1.7

Action                     |  1- 3 |  4- 6 |  7- 9 || total
---------------------------+-------+-------+-------++-------
  Melee: Rapier            |   102 |   163 |   155 ||   420
         Touch             |       |     6 |    24 ||    30
  Throw: Throwing net      |     1 |     2 |       ||     3
   Cast: Shock             |       |    11 |    61 ||    72
  Evoke: Wand              |       |     4 |       ||     4
    Use: Scroll            |     1 |     7 |     7 ||    15
         Potion            |       |     4 |     3 ||     7
   Stab: Sleeping          |     5 |     7 |     6 ||    18
         Held in net/web   |     1 |       |       ||     1
         Paralysed         |       |     6 |    29 ||    35
         Distracted        |       |       |     2 ||     2
 Armour: Leather armour    |    47 |    87 |   135 ||   269
         Skin              |       |    16 |       ||    16
  Dodge: Dodged            |    63 |   103 |   113 ||   279

Table legend: (Time is in decaauts)
 A = Elapsed time spent in this place.
 B = Non-inter-level travel time spent in this place.
 C = Inter-level travel time spent in this place.
 D = Time resting spent in this place.
 E = Time spent auto-exploring this place.
 F = Levels seen in this place.
 G = Mean time per level.
                   A        B        C        D        E       F      G
               +--------+--------+--------+--------+--------+-----+--------+
         Total |   9355 |   8696 |    659 |   2228 |   5049 |  10 |  935.5 |
       Dungeon |   8827 |   8238 |    589 |   2228 |   4849 |   8 | 1103.4 |
        Temple |     71 |      1 |     70 |      0 |      0 |   1 |   71.0 |
       Ossuary |    456 |    456 |      0 |      0 |    200 |   1 |  456.0 |
               +--------+--------+--------+--------+--------+-----+--------+

Top non-repeatable levels by time:
     D:7: 2226 daAuts
     D:1: 1342 daAuts
     D:5: 1233 daAuts
     D:6: 1154 daAuts
     D:2: 1090 daAuts
     D:4: 904 daAuts
     D:3: 781 daAuts
 Ossuary: 456 daAuts
     D:8: 95 daAuts
  Temple: 71 daAuts
